 Seeded DCSS version 0.28.0 (webtiles) character file.

Game seed: 7353604531635345990 (custom seed)

887 Nonny the Stinger (level 8, -21/36 HPs)
             Began as a Vine Stalker Venom Mage on Feb 6, 2022.
             Was a Follower of Vehumet.
             Engulfed by a cloud of flame (32 damage)
             ... on level 5 of the Dungeon.
             The game lasted 00:35:42 (4260 turns).

Nonny the Stinger (Vine Stalker Venom Mage)         Turns: 4260, Time: 00:35:43

Health: -21/36     AC:  4    Str: 12    XL:     8   Next: 5%
Magic:  0/17       EV: 13    Int: 17    God:    Vehumet [*.....]
Gold:   157        SH:  0    Dex: 14    Spells: 9/17 levels left

rFire   . . .      SeeInvis .   e - staff of poison
rCold   . . .      Faith    .   (no shield)
rNeg    . . .      Spirit   +   a - +0 robe
rPois   +          Reflect  .   s - +0 helmet
rElec   .          Harm     .   t - +0 cloak
rCorr   .          Rampage  .   (no gloves)
Will    ++...                   (no boots)
Stlth   ++........              b - amulet of regeneration
HPRegen 1.72/turn               f - ring of willpower
MPRegen 0.15/turn               (no ring)

@: no status effects
A: fangs 3, regeneration 1, magic shield, antimagic bite, no potion heal 2
a: Renounce Religion


You were on level 5 of the Dungeon.
You worshipped Vehumet.
Vehumet was aware of your devotion.
You visited 1 branch of the dungeon, and saw 5 of its levels.

You collected 157 gold pieces.

Inventory:

Missiles
 g - 4 boomerangs
 q - 4 poisoned darts
Armour
 a - a +0 robe (worn)
 s - a +0 helmet (worn)
 t - a +0 cloak (worn)
Magical Staves
 e - a staff of poison (weapon)
 z - a staff of air
Jewellery
 b - an amulet of regeneration (around neck)
 f - a ring of willpower (left hand)
Wands
 m - a wand of flame (39)
 n - a wand of polymorph (5)
 u - a wand of acid (15)
 w - a wand of charming (5)
Scrolls
 h - a scroll of vulnerability {unknown}
 l - 2 scrolls of noise {unknown}
 o - 2 scrolls of magic mapping {unknown}
 p - a scroll of summoning {unknown}
 r - 3 scrolls of teleportation {unknown}
Potions
 c - a potion of attraction {unknown}
 i - a potion of berserk rage
 j - a potion of mutation
 k - 3 potions of curing
 v - a potion of lignification {unknown}
 x - a potion of degeneration {unknown}


   Skills:
 + Level 0.2 Staves
 + Level 3.4 Dodging
 - Level 2.4 Stealth
 + Level 5.4 Spellcasting
 - Level 1.0 Transmutations
 + Level 5.9 Poison Magic
 - Level 3.0 Evocations


You had 9 spell levels left.
You knew the following spells:

 Your Spells              Type           Power      Damage    Failure   Level
a - Sting                 Tmut/Pois      96%        1d7       3%          1
b - Poisonous Vapours     Pois/Air       42%        N/A       6%          2
c - Olgreb's Toxic Radia  Pois           37%        N/A       12%         4
d - Foxfire               Conj/Fire      16%        2x1d4     14%         1

Your spell library contained the following spells:

 Spells                   Type           Power      Damage    Failure   Level
 Mephitic Cloud           Conj/Pois/Air  16%        N/A       19%         3
 Ozocubu's Armour         Ice            4%         N/A       38%         3
 Metabolic Englaciation   Hex/Ice        2%         N/A       98%         5
 Simulacrum               Ice/Necr       2%         N/A       100%        6


Dungeon Overview and Level Annotations

Branches:
Dungeon (5/15)
 Temple: D:4-7

Altars:
Cheibriados
Dithmenos
Vehumet
Zin

Shops:
D:1 :(*!*


Innate Abilities, Weirdness & Mutations

You have razor-sharp teeth.
Your natural rate of healing is unusually fast.
When hurt, damage is shared between your health and your magic reserves.
Your bite disrupts and absorbs the magic of your enemies.
Potions cannot restore your health.


Message History

The white imp closely misses you.
Unknown command.
You completely miss the white imp.
The white imp is moderately wounded.
The white imp hits you but does no damage.
Unknown command.
You hit the white imp but do no damage.
You bite the white imp, but do no damage.
The white imp is moderately wounded.
The white imp closely misses you.
You closely miss the white imp.
The white imp is moderately wounded.
The white imp gestures at you. The puff of frost hits you!
You barely miss the white imp.
You bite the white imp, but do no damage.
The white imp is moderately wounded.
The white imp hits you but does no damage.
The white imp gestures at you. The puff of frost hits you.
The orc shouts!
You hit the white imp but do no damage. Your bite misses the white imp.
The white imp is moderately wounded.
The white imp closely misses you.
You closely miss the white imp.
The white imp is moderately wounded.
The white imp barely misses you.
You hit the orc.
Flame seeps out of the orc.
You envenom the orc.
Flame seeps out of the orc.
The orc is poisoned.
You bite the orc. Vehumet accepts your kill.
The orc explodes!
The fiery explosion engulfs the white imp!!
The white imp is burned terribly!
You kill the white imp!
Vehumet accepts your kill. The fiery explosion engulfs you!!
Ouch! That really hurt!
You are engulfed in blazing flames.
Ouch! That really hurt!
You die...

.#
#######.###
##.o.(.....
.........# .
#..# #.# #..#
#...####§.###
#.#....○§)..#
......§@§...#
..[...#.....#
......#.....#
..... ##+####
..... ##..
...


There were no monsters in sight!

Vanquished Creatures
  Sigmund (D:2)
  An ogre (D:4)
  A phantom (D:4)
  A wolf (D:3)
  A scorpion (D:4)
  2 vampire bats (D:4)
  An orc priest (D:5)
  Crazy Yiuf (D:3)
  An orc wizard (D:4)
  Natasha (thrice) (D:2)
  Robin (D:3)
  4 gnolls (D:2)
  2 adders
  A white imp (D:5)
  2 worms
  3 dart slugs
  13 orcs
  9 endoplasms
  3 giant cockroaches
  13 goblins
  7 hobgoblins
  3 jackals (D:4)
  6 kobolds
  4 ball pythons
  11 bats
  6 rats
101 creatures vanquished.

Vanquished Creatures (others)
  14 plants
14 creatures vanquished.

Grand Total: 115 creatures vanquished

Notes
Turn   | Place    | Note
-------+----------+-------------------------------------------
     0 | D:1      | Nonny the Vine Stalker Venom Mage began the quest for the
                  | Orb.
     0 | D:1      | Reached XP level 1. HP: 9/9 MP: 4/4
    72 | D:1      | Found Ramitu's Distillery.
   105 | D:1      | Found Rarchaune's Book Boutique.
   132 | D:1      | Found Maetsisinn's Weapon Shoppe.
   263 | D:1      | Found Gaaqoh's Assorted Antiques.
   312 | D:1      | Reached XP level 2. HP: 13/13 MP: 3/6
   698 | D:1      | Found Zonen's Assorted Antiques.
   723 | D:1      | Reached XP level 3. HP: 15/16 MP: 5/7
   843 | D:2      | coppery potion - curing
  1270 | D:2      | Noticed Natasha
  1279 | D:2      | Killed Natasha
  1280 | D:2      | Gained mutation: Your natural rate of healing is unusually
                  | fast. [Vine Stalker growth]
  1280 | D:2      | Reached XP level 4. HP: 8/21 MP: 1/9
  1280 | D:2      | Natasha spawns in bottom left quadrant.
  1448 | D:2      | Reached skill level 1 in Evocations
  1528 | D:2      | Noticed Sigmund
  1567 | D:2      | Noticed Natasha
  1576 | D:2      | Killed Natasha
  1577 | D:2      | Reached XP level 5. HP: 24/24 MP: 7/11
  1833 | D:2      | Killed Sigmund
  1834 | D:2      | Reached XP level 6. HP: 26/28 MP: 1/13
  1961 | D:2      | Noticed Natasha
  1967 | D:2      | Killed Natasha
  2175 | D:2      | fuming coppery potion - berserk rage
  2176 | D:3      | Noticed Robin
  2176 | D:3      | Found a shadowy altar of Dithmenos.
  2188 | D:2      | Reached skill level 5 in Poison Magic
  2199 | D:2      | Learned a level 2 spell: Poisonous Vapours
  2204 | D:2      | Learned a level 4 spell: Olgreb's Toxic Radiance
  2426 | D:3      | Noticed Ijyb
  2427 | D:3      | Noticed Ijyb
  2427 | D:3      | Ijyb changed into Ijyb the wolf
  2451 | D:3      | Killed Ijyb the wolf
  2576 | D:3      | Reached XP level 7. HP: 32/32 MP: 9/14
  2579 | D:3      | Killed Robin
  2605 | D:3      | Found a radiant altar of Vehumet.
  2614 | D:3      | Became a worshipper of Vehumet
  2652 | D:3      | Found a runed translucent door.
  2653 | D:3      | Noticed Crazy Yiuf
  2663 | D:3      | Killed Crazy Yiuf
  2939 | D:3      | Found a faded altar of an unknown god.
  2961 | D:4      | Finally reaching D:4.
  3013 | D:4      | Book of Winter
  3343 | D:4      | Reached skill level 5 in Spellcasting
  3343 | D:4      | First ogre slain.
  3460 | D:4      | Staff of air.
  3465 | D:4      | It can be found in the eastern area, just north of a
                  | useless room.
  3619 | D:4      | Gained mutation: You have razor-sharp teeth. [Vine Stalker
                  | growth]
  3619 | D:4      | Reached XP level 8. HP: 36/36 MP: 12/16
  3628 | D:4      | Vampire bats vault.
  3793 | D:4      | Found a glowing silver altar of Zin.
  3794 | D:4      | Noticed an angel
  3823 | D:4      | black potion - heal wounds
  3824 | D:4      | amethyst potion - mutation
  4032 | D:4      | Reached * piety under Vehumet
  4032 | D:4      | Offered knowledge of Foxfire by Vehumet.
  4035 | D:4      | Learned a level 1 spell: Foxfire
  4112 | D:4      | Found a snail-covered altar of Cheibriados.
  4122 | D:4      | Lots of useless rooms on this floor.
  4122 | D:4      | While it's moderately open, pass wall could be very useful
                  | here for the orb run.
  4169 | D:3      | D:4 uphatch might be viable.
  4175 | D:2      | It leads to the D:3 uphatch, leading to an upstairs...
  4183 | D:1      | However, those upstairs are a fair distance from the
                  | dungeon exit. Pass Wall would be useful here, at least.
  4236 | D:5      | Entered Level 5 of the Dungeon
  4238 | D:5      | LYD OSTRIME - immolation
  4260 | D:5      | Engulfed by a cloud of flame

Illustrated notes ####### #..@..# #.###.# #.##..# ###.###.#...#### ................. ##.###.#...##### #.##<.# #.....# ####.## Turn 843 on D:2: coppery potion - curing #........+ #.#...#### #.##.## #.#### #.# #.# #+# #.# #.# #.# #.# ###.##### ####@##### ........# #........# ###.###.#####......#.# # #.# #............# # # #.###...###.##...#.#### ###.......# #.##....[.... ........### #........#### ######### ########## Turn 1280 on D:2: Natasha spawns in bottom left quadrant. ♣# #...♣♣# #.§§# #. # #...≈≈## #...#####. # ##♣≈..≈♣≈## ##.###.### ###P≈≈..≈≈♣≈# #.....# ≈♣≈≈≈≈..≈≈≈≈♣ #####.# P≈≈≈≈....≈≈≈♣ #.# ≈≈≈≈≈....≈≈P♣ #######.### P≈P≈P≈..≈≈≈≈♣ ########.......... ♣≈≈≈≈≈...≈≈≈♣ #@.........##...## ≈≈≈≈P≈....≈≈♣ #..........#.....# ≈≈≈≈≈≈....≈≈♣ #..........##...## ♣≈≈≈≈P...≈≈≈♣ #..........###.### #≈≈≈≈≈...≈P♣# #...<......# #.# # #≈≈≈≈≈P...♣## #..#..###.## #.# # #♣PP≈≈P.....## #.###..##.# ##'### ♣♣PP≈≈......# #..#...##.###...## #♣≈≈≈♣.....## ##.....##.##.....# Turn 2175 on D:2: fuming coppery potion - berserk rage ############## #............# #............# #......../...# #...?........# #............#+ #..@....... #.......... #.......... #J......... +....#+##K. #....# . #....# #....+ Turn 2961 on D:4: Finally reaching D:4. #.....#..#........... #.....#.>#........... #.....#..+....#+##... #.....#..#....# #... +.....##+#....# #... #.....# #....+ #... #.....# #.. #... #.....# #...@.# #.....# #.....# ...##### .....# ......# ..o... ..... Turn 3013 on D:4: Book of Winter ..............#'#######..'...b.# ####.)........#...'...#..#.(.... +..........#...#...#..#...... #..........##'#######'#...... #####........................ ........................ ..............).....<... .........b)..>.......... ###....@#####.......... #.....# ..'.......... #.)...#...#.......... #.....#...#....####.. #........ #....# # ######### #....# #....# Turn 3343 on D:4: First ogre slain. ..# ### ..... ######.... #........ #........ #....... ##.....# #......# #....@.# ## #......# ..###.######......# ............##+###.... ............# ..... ............# ..... ............### .... ..............# .... ..............# Turn 3460 on D:4: Staff of air. #........ #....... ##.....# #......# #......# ## #......# ...###.######......# .............##'###.... .............#..@.#..... .............#....#..... .............###..# .... ...............#### .... <..............# ...............# ...............# ...............# ...............# Turn 3465 on D:4: It can be found in the eastern area, just north of a useless room.

.............................####
^................#'##########....
##'#.............#......# #....
#..#.........#####....<.# #....
#..############# ###...## #....
#...#......###.###.#...######....
#####......##...##.#...#.........
#..##......#.......#...#.........
#..........#....@#.#†..#.........
'......##'....†..#.#..##.....####
#......#...##...####..#......#
#..#####...###.###....#......#
#..##..#....######....#......#
#####..'.....###.######......####
'...#..#.(.............##+###....
#...#..#...............#....#....
######'#...............#....#....


Turn 3628 on D:4: Vampire bats vault. #..# #.# #..#...# #..#...+ #..#... #..##.#
##+# #..##.###..# #......#...# #@.....#...# #####'####.# #.....#.#####..
#.....'.....#.. #.....#.....#.. #.....##..+##.. #....####+####. #....##8...8##.
#...(##.....##. Turn 3823 on D:4: black potion - heal wounds #..# #.# #..#...#
#..#...+ #..#... #..##.# ##+# #..##.###..# #......#...# #@.....#...#
#####'####.# #.....#.#####.. #.....'.....#.. #.....#.....#.. #.....##..+##..
#....####+####. #....##8...8##. #...(##.....##. Turn 3824 on D:4: amethyst
potion - mutation .......###### .......#....# +##....#....# ..#....#...######
..#....#...#....# ..#....#...#....# ..#....#...#....## ..#....#...#.≈≈≈.#
..#....#...#≈≈≈≈@# ..#....#...#≈≈.≈≈###### ###....#...#≈≈≈≈≈.....#
.......#...#.≈≈≈......# .......+...#.#_#......# .......#...#.###......#
.......#####..........# ......................# ......................# Turn
4122 on D:4: Lots of useless rooms on this floor. #..†...# #.....## #.####.#
#.##### #####.# #.# #.## ..§...# #.######## #..# §.########.#<.....######..###
_.§........#......##........# ..##########......##........# ..##
#......##.....#### ...# #....@.##.....# #..# #......##.....#
..<#########......##.....# ..................##.....########
................................. .##.###...)............###....#..
....###.###'###........#⌠#....#.. ........# #.# #.....##.###....#..
........###.###.....##........... Turn 4169 on D:3: D:4 uphatch might be viable.
.###..................###.......# .#....##.###.#...###### #.##.##.# ..≈≈≈P##>#
#.##<.# #.##.##.# .P≈≈P..#.# #.....# #.##.##.# ≈P≈P.≈...# ####.## #....##.#
.≈♣P≈..### ##'## #..####.# P≈≈.≈..# ##...## #..####.# ≈≈PP##.# ##.....##
#.......# ≈♣.≈#..# ##....@..## ##..###### ♣P.#...####.........####...##
≈≈.(......'.........'.......# ≈P##.<..###.........#......## P≈###...#
#........##.###..## P## #...# #.#.....###.###.#.## .# ######...######
#.##.###.## .# #§.§# #.#.## ##.# ## #§○☼# #.#..###.## Turn 4175 on D:2: It leads
to the D:3 uphatch, leading to an upstairs... ##.##.# #.#######.♣.♣.######
####.# #.# #.....# #.# #.# #.....# #.# #.# #.....# #.# ###.# #.....# #.# ##.#.#
###'#### #.###....# #.##.# ######.....∩..####### #....# .....>..........@...#
####.## #.####.##.....#####.# #..##### #.# #.###...######.## ###......# #.# #.#
##.####.###.###.###.##.# ..# #.# #####...............#.# ###
#.######...##.###.###.##...# ######......>.#.#...........#.#.#
....##....#####...##.###.##...#.# ###.##.##.# ##.#.#.......#.#.#.# Turn 4183 on
D:1: However, those upstairs are a fair distance from the dungeon exit. Pass
Wall would be useful here, at least. #.## ... ..# . ..# #.# ..# #..o####..###
#.#.........# .......@....# ..[...#.....# ..... #.....# .... ##+#### ... ## Turn
4238 on D:5: LYD OSTRIME - immolation

Levels and vault maps discovered:
D:1:      onia_arrival_mini_spirals, layout_loops_ring, serial_shops,
          shop_statue, shop, nicolae_shop_stone,
          nicolae_shop_bloodbath_and_beyond, nicolae_shop_overgrown_old_shop,
          roderic_lattice_a, kennysheep_minor_cross, st_stairs_8,
          nicolae_concentric_dashed_squares_wild
D:2:      layout_loops_corners, serial_bayou, serial_bayou_lagoon_b,
          serial_bayou_shore_b, serial_bayou_ford_a, serial_bayou_lagoon_a,
          lemuel_flame_loot_1, uniq_sigmund, uniq_natasha
D:3:      layout_basic, grunt_dithmenos_smoke, lemuel_doored_altar,
          shapermc_ecumenical_altar_acropolis, feat_on_display,
          uniq_crazy_yiuf_cottage, uniq_ijyb, uniq_robin
D:4:      layout_gridville, zin_angel, kennysheep_slug_shrine, roderic_batcave
D:5:      layout_basic, nicolae_elyvilon_temple_path, nicolae_uskayaw_en_pointe,
          minmay_temple_entry_antechambers, uniq_menkaure

Skill      XL: |  1  2  3  4  5  6  7 |
---------------+----------------------+-----
Dodging        | 2 3 |  3.4
Poison Magic   | 4 5 |  5.9
Spellcasting   | 3 4 5 |  5.4
Evocations     | 1 2 3 |  3.0
Staves         | |  0.2
Stealth        | |  2.4
Transmutations | |  1.0

Action                   |  1- 3 |  4- 6 |  7- 9 || total
-------------------------+-------+-------+-------++-------
Melee: Unarmed           |     3 |     1 |       ||     4
       Bite              |     9 |    19 |    27 ||    55
       Staff             |    34 |    64 |   129 ||   227
       Punch             |       |     2 |     1 ||     3
 Cast: Sting             |    24 |    25 |    28 ||    77
       Poisonous Vapours |       |     5 |    12 ||    17
       Olgreb's Toxic Ra |       |       |     2 ||     2
Evoke: Wand              |       |     1 |       ||     1
  Use: Scroll            |     1 |     1 |     3 ||     5
 Stab: Sleeping          |     1 |       |       ||     1
       Distracted        |       |       |     1 ||     1
Armor: Robe              |     3 |     7 |    57 ||    67
Dodge: Dodged            |    13 |    45 |   113 ||   171
